Map: Para Site LE

Players

sadPiano

  • Race: Protoss Protoss
  • League: Grandmaster
  • Spawn Location: 11:00

Lambo - Winner!

  • Race: Zerg Zerg
  • League: Grandmaster
  • Spawn Location: 5:00

VOD

Have the link to the VOD?

Description

Time

  • Played on: Dec. 28, 2018, 2:01 p.m.
  • Length: 5:42
Show
View Real Time Build Order
Export as new Build Order

sadPiano Protoss 

Build Orders: 1 Gate Expand 

Get SALT Encoding   

  12  0:00  Probe  
  13  0:13  Probe  
  14  0:17  Pylon  
  14  0:24  Probe  
  15  0:32  Probe  
  15  0:38  Gateway  
  15  0:40  Probe  
  16  0:46  Assimilator  
  17  0:51  Probe  
  18  1:03  Probe  
  19  1:15  Probe  
  20  1:27  Cybernetics Core  
  20  1:36  Nexus  
  20  1:40  Probe  
  20  1:44  Pylon  
  21  1:52  Probe  
  21  1:53  Assimilator  
  22  1:54  Adept  
  22  2:04  Probe  
  25  2:12  Adept  
  25  2:16  Probe  
  28  2:27  Warp Gate  
  28  2:28  Probe  
  29  2:37  Stalker  
  31  2:48  Probe  
  31  2:51  Probe  
  33  3:00  Probe  
  33  3:03  Probe  
  35  3:12  Probe  
  35  3:15  Probe  
  36  3:23  Probe  
  36  3:24  Probe  
  36  3:25  Robotics Facility  
  37  3:31  Probe  
  37  3:32  Gateway  
  38  3:36  Probe  
  40  3:41  Probe  
  41  3:49  Probe  
  41  3:50  Gateway x2  
  41  3:51  Gateway  
  41  3:55  Gateway  
  43  4:01  Pylon  
  43  4:02  Warp Prism  
  42  4:16  Pylon  
  44  4:24  Assimilator  
  44  4:31  Stalker x2  
  48  4:38  Pylon  
  48  4:52  Pylon  
  48  5:06  Stalker x6  
  60  5:15  Pylon  
  60  5:25  Stalker x3  
Show
View Real Time Build Order
Export as new Build Order

Lambo Zerg - Winner!

Build Orders: Hatch First 

Get SALT Encoding   

  12  0:00  Drone  
  13  0:12  Overlord  
  13  0:18  Drone  
  14  0:30  Drone x2  
  16  0:47  Hatchery  
  15  0:50  Drone  
  15  0:54  Drone  
  15  0:56  Drone  
  18  1:07  Extractor  
  17  1:11  Spawning Pool  
  17  1:15  Drone  
  18  1:18  Drone  
  18  1:27  Drone  
  19  1:38  Drone  
  20  1:56  Overlord  
  20  1:59  Queen x2  
  20  2:00  Zergling x4  
  26  2:09  Metabolic Boost  
  26  2:10  Drone  
  26  2:11  Drone  
  28  2:21  Drone  
  29  2:26  Drone  
  30  2:35  Hatchery  
  29  2:40  Drone x2  
  29  2:44  Drone  
  32  2:47  Queen  
  34  2:52  Overlord  
  34  2:55  Zergling x2  
  34  2:56  Zergling x2  
  36  3:10  Overlord  
  36  3:12  Drone x2  
  37  3:14  Spore Crawler  
  37  3:15  Drone  
  37  3:17  Drone x3  
  37  3:19  Drone  
  39  3:23  Drone  
  39  3:31  Queen  
  42  3:35  Drone x2  
  42  3:38  Drone  
  45  3:45  Drone x3  
  48  3:51  Queen  
  48  3:54  Drone x2  
  52  3:58  Roach Warren  
  51  4:03  Drone x5  
  51  4:08  Lair  
  56  4:10  Extractor  
  56  4:14  Drone x3  
  58  4:17  Extractor  
  57  4:30  Overlord  
  57  4:33  Overlord  
  57  4:37  Overlord  
  57  4:41  Overlord x2  
  57  4:45  Overlord  
  57  4:48  Overlord  
  57  4:50  Overlord  
  57  4:55  Roach x4  
  57  4:57  Zergling x8  
  69  5:06  Roach  
  71  5:07  Roach x2, Zergling x2  
  71  5:10  Spine Crawler  
  71  5:11  Roach x2  
  79  5:14  Zergling x6  
  79  5:15  Ravager  
  79  5:16  Ravager  
  79  5:18  Zergling x4  
  85  5:22  Zergling x4  
Tags
 
Add a new tag
Caveats
  • Supply blocks, unpowered buildings, or Contaminate may cause inaccurate times.
  • Supply counts are checked every 10 seconds.